AoeStats
← [PVS] ANIMAMUNDIS

Arena

509483527Analyzed
4v4 RM · 5d ago on Sep 26, 2026· 54m 23s· 8 players
Game mode
Random Map
Map size
Large (8 player)
Population
200
Speed
Normal
Resources
Standard
Victory
Conquest
Starting age
Dark Age
Ending age
Imperial Age
RankedLock teamsTeams togetherTeam positionsShared explorationLock speedFull tech treeHidden civsTurbo modeCheats
Victory
Defeat
🇩🇴 Inca · Dominican Republic
1441
+12
🇨🇴 Poles · Colombia
1436
+12
🇨🇴 Franks · Colombia
1296
+18
🇨🇱 Turks · Chile
1067
+26
🇵🇾 Britons · Paraguay
1386
-19
🇲🇽 Romans · Mexico
1320
-17
🇨🇭 Saxons · Switzerland
1310
-16
🇮🇳 Magyars · India
1310
-16
[PVS] JUANJOM98
10:51 Feudal Age
15:15 Castle Age
14:38 Wheelbarrow
14:11 Double-Bit Axe
14:46 Loom
15:55 Horse Collar
17:21 Heavy Plow
17:33 Bow Saw
20:25 Town Watch
21:41 Szlachta Privileges
22:19 Bloodlines
22:11 Husbandry
22:55 Forging
22:55 Scale Barding Armor
25:22 Gold Mining
26:31 Iron Casting
27:56 Chain Barding Armor
29:26 Stone Mining
33:34 Imperial Age
33:37 Cavalier
35:18 Blast Furnace
34:41 Conscription
34:57 Hand Cart
38:07 Crop Rotation
37:25 Light Cavalry
40:05 Lechitic Legacy
40:01 Winged Hussar
47:15 Elite Obuch
48:06 Squires
47:52 Arson
48:08 Scale Mail Armor
50:36 Chain Mail Armor
53:41 Plate Mail Armor
JonatanVnz
11:18 Feudal Age
14:49 Castle Age
13:58 Double-Bit Axe
21:45 Bow Saw
24:45 Loom
25:37 Wheelbarrow
24:49 Town Watch
25:27 Gold Mining
25:27 Stone Mining
28:35 Imperial Age
26:36 Scale Barding Armor
26:42 Forging
26:59 Husbandry
28:05 Chain Barding Armor
27:57 Fortified Wall
28:54 Iron Casting
28:51 Cavalier
30:13 Plate Barding Armor
31:43 Blast Furnace
34:21 Paladin
39:00 Light Cavalry
42:47 Gold Shaft Mining
42:04 Stone Mining
42:32 Hand Cart
42:18 Town Patrol
43:18 Fletching
44:06 Bodkin Arrow
44:29 Padded Archer Armor
46:23 Chemistry
44:55 Elite Skirmisher
46:28 Leather Archer Armor
46:41 Ballistics
47:41 Murder Holes
[PVS] ANIMAMUNDIS
11:14 Feudal Age
13:16 Loom
13:16 Horse Collar
16:05 Castle Age
14:33 Double-Bit Axe
16:56 Heavy Plow
25:25 Imperial Age
22:59 Gold Mining
23:22 Bow Saw
25:26 Gold Shaft Mining
28:40 Stone Mining
29:08 Town Watch
33:54 Fortified Wall
40:01 Fletching
50:20 Coinage
[PVS] Dante18
11:18 Feudal Age
13:56 Loom
16:11 Castle Age
14:47 Double-Bit Axe
14:43 Horse Collar
16:26 Horse Collar
20:47 Stone Mining
21:59 Bow Saw
21:50 Heavy Plow
24:13 Fletching
27:00 Wheelbarrow
34:27 Imperial Age
32:32 Champi Runner
33:23 Champi Warrior
34:22 Hand Cart
33:53 Loom
33:55 Town Watch
34:51 Forging
34:42 Scale Mail Armor
35:37 Bodkin Arrow
36:18 Iron Casting
36:32 Chain Mail Armor
41:14 Plate Mail Armor
41:47 Blast Furnace
40:10 Elite Champi Warrior
53:34 Town Patrol
Tenohmox
11:24 Feudal Age
15:11 Castle Age
14:44 Double-Bit Axe
14:42 Horse Collar
16:06 Heavy Plow
16:19 Bow Saw
20:35 Forging
23:07 Loom
24:05 Wheelbarrow
26:43 Imperial Age
27:12 Fletching
27:36 Padded Archer Armor
28:55 Two-Man Saw
27:35 Cranequins
27:43 Heavy Mounted Crossbowman
28:53 Gold Mining
31:22 Bodkin Arrow
VedtheAssasin
10:48 Feudal Age
15:12 Castle Age
13:37 Double-Bit Axe
14:00 Horse Collar
16:31 Wheelbarrow
23:53 Bow Saw
25:22 Gold Mining
28:55 Imperial Age
27:00 Bloodlines
27:55 Gold Shaft Mining
27:10 Stone Mining
27:25 Heavy Plow
27:39 Fletching
28:35 Thumb Ring
28:53 Ballistics
29:44 Heavy Cavalry Archer
30:50 Parthian Tactics
31:14 Padded Archer Armor
31:36 Hand Cart
31:06 Loom
34:39 Chemistry
35:55 Bodkin Arrow
36:15 Leather Archer Armor
36:13 Masonry
36:21 Recurve Bow
38:34 Two-Man Saw
38:05 Crop Rotation
40:35 Town Watch
47:54 Light Cavalry
49:35 Husbandry
50:28 Bracer
53:01 Hussar
[GDL] R_Oak
10:53 Feudal Age
14:37 Castle Age
12:43 Double-Bit Axe
13:07 Horse Collar
15:46 Bow Saw
20:24 Heavy Plow
22:41 Man-at-Arms
23:16 Gold Mining
23:23 Long Swordsman
24:44 Scale Mail Armor
24:54 Loom
25:45 Wheelbarrow
26:16 Chain Mail Armor
27:00 Forging
27:20 Squires
28:24 Hand Cart
29:36 Iron Casting
30:04 Stone Mining
30:49 Gold Shaft Mining
33:13 Imperial Age
30:34 Town Watch
31:13 Pikeman
32:17 Fletching
33:19 Halberdier
34:23 Comitatenses
35:06 Blast Furnace
33:31 Capped Ram
33:45 Legionary
35:49 Crop Rotation
35:47 Bodkin Arrow
35:20 Siege Ram
39:09 Conscription
42:17 Elite Centurion
43:04 Scale Barding Armor
44:22 Bloodlines
45:02 Chain Barding Armor
45:14 Husbandry
51:21 Plate Barding Armor
51:20 Ballistas
50:40 Heavy Scorpion
DonNarko
10:05 Feudal Age
11:54 Loom
14:44 Castle Age
13:26 Double-Bit Axe
16:05 Horse Collar
17:27 Wheelbarrow
21:02 Bow Saw
21:26 Heavy Plow
22:15 Gold Mining
22:20 Stone Mining
22:54 Fletching
23:35 Town Watch
24:58 Hand Cart
24:58 Bodkin Arrow
25:04 Padded Archer Armor
25:58 Scale Barding Armor
26:53 Leather Archer Armor
30:39 Imperial Age
29:10 Masonry
30:24 Ballistics
32:41 Two-Man Saw
31:46 Bracer
32:48 Chemistry
32:30 Conscription
32:54 Ring Archer Armor
33:48 Scale Mail Armor
33:59 Forging
33:36 Pikeman
34:17 Squires
35:00 Chain Mail Armor
36:18 Hoardings
36:21 Iron Casting
36:17 Architecture
36:36 Yeomen
37:52 Plate Mail Armor
37:47 Halberdier
39:36 Blast Furnace
41:03 Elite Longbowman
44:06 Guilds
44:06 Arson
46:29 Siege Engineers
46:05 Treadmill Crane
47:14 Gambesons
46:50 Man-at-Arms
48:29 Long Swordsman
49:42 Two-Handed Swordsman
50:53 Champion
Connection lost

Rejoining the realm…

Still unreachable

The connection could not be restored.

Session expired

The server has moved on; the page needs a fresh start.